 Dungeon Crawl Stone Soup version 0.21-a0-265-gb353147 (webtiles) character file.

19504 Gagarin the Geomancer (level 12, -3/70 HPs)
             Began as a Gargoyle Earth Elementalist on Sept 11, 2017.
             Was an Elder of Sif Muna.
             Slain by a spiny frog (12 damage)
             ... on level 2 of the Lair of Beasts on Sept 12, 2017.
             The game lasted 01:28:24 (14483 turns).

Gagarin the Geomancer (GrEE)                       Turns: 14483, Time: 01:28:25

Health: -3/70      AC: 21    Str: 11    XL:     12   Next: 69%
Magic:  1/26       EV: 12    Int: 24    God:    Sif Muna [****..]
Gold:   471        SH:  0    Dex: 10    Spells: 22/31 levels left

rFire    . . .     SeeInvis +   M - staff of earth
rCold    . . .     Gourm    .   (no shield)
rNeg     + . .     Faith    .   Y - +0 troll leather armour
rPois    ∞         Spirit   .   E - +2 helmet
rElec    +         Reflect  .   n - scarf {cloud immunity}
rCorr    .         Harm     .   a - +0 pair of gloves
MR       .....                  N - +2 pair of boots
Stlth    ++........             (no amulet)
HPRegen  0.61/turn              j - +2 ring of intelligence
MPRegen  0.20/turn              y - ring of see invisible

@: studying Staves
A: negative energy resistance 1, electricity resistance, unbreathing,
petrification resistance, rot immunity, AC +8
a: Divine Energy, Channel Magic, Forget Spell, Renounce Religion


You were on level 2 of the Lair of Beasts.
You worshipped Sif Muna.
Sif Muna was greatly pleased with you.
You were not hungry.

You visited 3 branches of the dungeon, and saw 13 of its levels.

You collected 559 gold pieces.
You spent 88 gold pieces at shops.

Inventory:

Hand Weapons
 t - a +0 mace of protection
Missiles
 b - 143 stones (quivered)
Armour
 a - a +0 pair of gloves (worn)
 c - a +0 hat
 n - a scarf of cloud immunity (worn)
 E - a +2 helmet (worn)
 N - a +2 pair of boots (worn)
 Y - a +0 troll leather armour (worn)
Magical Staves
 M - an uncursed staff of earth (weapon)
Jewellery
 j - a +2 ring of intelligence (left hand)
 k - an uncursed ring of positive energy
 y - a ring of see invisible (right hand)
Wands
 P - a wand of flame (26/48)
 X - a wand of lightning (5/15)
Scrolls
 f - 4 scrolls of enchant weapon {unknown}
 g - 4 scrolls of remove curse
 m - 7 scrolls of teleportation {unknown}
 p - 2 scrolls of identify
 x - 2 scrolls of magic mapping
 z - a scroll of fear {unknown}
 G - a scroll of recharging {unknown}
 Q - 2 scrolls of noise {unknown}
 S - a scroll of random uselessness {unknown}
 T - a scroll of immolation {unknown}
 U - 3 scrolls of blinking {unknown}
Potions
 h - a potion of magic
 l - 3 potions of heal wounds
 q - 4 potions of mutation
 s - 3 potions of brilliance
 u - 5 potions of agility
 w - 4 potions of flight
 A - 2 potions of cancellation
 B - 3 potions of curing
 H - 2 potions of invisibility {unknown}
 R - 2 potions of might {unknown}
Books
 e - a book of Geomancy

   Spells                             Type                      Level
   a - Sandblast                      Earth                        1
   b - Passwall                       Transmutation/Earth          2
   c - Stone Arrow                    Conjuration/Earth            3
   d - Petrify                        Transmutation/Earth          4
   e - Lee's Rapid Deconstruction     Earth                        5
 L - a manual of Staves
Miscellaneous
 W - a phantom mirror
Comestibles
 d - 11 bread rations
 i - 11 chunks of flesh
 r - 3 royal jellies
 v - 4 meat rations
 J - 13 fruits


   Skills:
 - Level 6.0 Fighting
 - Level 2.0(4.7) Maces & Flails
 + Level 6.7(6.8) Staves
 - Level 4.0 Armour
 - Level 3.0 Dodging
 - Level 2.2 Stealth
 + Level 10.3 Spellcasting
 + Level 8.0 Conjurations
   Level 0.7 Transmutations
 + Level 13.1 Earth Magic
 + Level 4.1 Invocations
 - Level 5.2 Evocations


You had 22 spell levels left.
You knew the following spells:

 Your Spells              Type           Power        Failure   Level  Hunger
a - Sandblast             Erth           ######       1%          1    None
b - Stone Arrow           Conj/Erth      ######       1%          3    None
c - Lee's Rapid Deconstr  Erth           #######...   1%          5    ####...


Dungeon Overview and Level Annotations

Branches:
Dungeon (10/15)            Temple (1/1) D:7            Lair (2/6) D:10
    Orc (0/2) D:9
  Swamp: Lair:2-4    Shoals: Lair:2-4     Snake: Lair:2-4    Spider: Lair:2-4

Altars:
Ashenzari
Cheibriados
Dithmenos
Fedhas
Gozag
Qazlal
Sif Muna
Trog
Vehumet
Wu Jian
Xom

Shops:
D:4 !   D:5 !

Annotations:
D:8 exclusion: orange crystal statue
D:9 1 runed door


Innate Abilities, Weirdness & Mutations

You are resistant to torment.
Your stone body is resilient. (AC +8)
You are immune to poison.
You resist negative energy. (rN+)
You are resistant to electric shocks. (rElec)
You can survive without breathing.
You are immune to petrification.
You are immune to rotting.


Message History

Confirm with . or Enter, or press ? or * to list all spells.
Aiming: Sandblast
Press: ? - help, Shift-Dir - straight line, f/p - spiny frog
Aim: a spiny frog (moderately wounded)
You feel a surge of power!
The blast of sand hits the spiny frog.
The spiny frog is moderately wounded.
b - 144 stones The spiny frog barely misses you.
Casting: Sandblast
Confirm with . or Enter, or press ? or * to list all spells.
Aiming: Sandblast
Press: ? - help, Shift-Dir - straight line, f/p - spiny frog
Aim: a spiny frog (moderately wounded)
You feel a surge of power!
The blast of sand hits the spiny frog.
The spiny frog is severely wounded.
b - 143 stones The spiny frog stings you!
The komodo dragon bites you!!
* * * LOW HITPOINT WARNING * * *
The spiny frog stings you!
You die...

#...#....[.......###...
.....P...#......###..#
#....[...........##..#
#......#....÷........#
#....###P###.........#
..... ####...<[.<...###
#... #.#.l...........
#.. ##.†F............
#.. ##@...........##
#.............#
#..............#
......$.........#
................##
...............$...
..................
...............


You could see a komodo dragon and a spiny frog.

Vanquished Creatures
  Gastronok (Lair:2)
  2 centaur warriors (D:9)
  A tengu warrior (D:9)
  Pikel (D:5)
  The ghost of sergedm the Thaumaturge, a novice DECj of Vehumet (D:7)
  2 cyclopes (D:9)
  An ugly thing (D:8)
  4 spiny frogs (Lair:1)
  Joseph (D:7)
  3 komodo dragons
  A tengu conjurer (D:9)
  A troll (D:9)
  A polar bear (Lair:2)
  A slime creature (D:9)
  2 hippogriffs (D:9)
  Sigmund (D:2)
  4 yaks (D:9)
  Eustachio (D:5)
  A wyvern (Lair:2)
  3 basilisks
  A hungry ghost (D:7)
  22 water moccasins (Lair:1)
  7 orc warriors
  3 porcupines (D:10)
  A swamp drake (Lair:1)
  2 ice beasts
  A slave (D:5)
  4 black bears
  2 sky beasts
  A hornet zombie (D:8)
  A necrophage (D:10)
  A phantom (D:7)
  2 wolves (D:10)
  6 centaurs
  7 ogres
  8 crocodiles
  6 bullfrogs
  A wyvern skeleton (D:9)
  2 scorpions
  A killer bee (D:7)
  3 electric eels (Lair:1)
  5 wights (D:9)
  5 howler monkeys
  6 crimson imps
  A bullfrog zombie (D:7)
  3 hounds
  6 orc priests
  A quasit (D:9)
  2 gnoll shamans
  2 jellies
  8 orc wizards
  An iron imp (D:8)
  2 bullfrog skeletons
  3 iguanas
  7 worker ants
  The ghost of tidbits the Grave Robber, a weakling DgNe (D:3)
  2 hound skeletons (D:9)
  3 worker ant zombies
  Robin (D:4)
  15 gnolls
  A howler monkey zombie (D:5)
  25 adders
  2 shadow imps
  An adder zombie (D:9)
  7 worms
  2 dart slugs
  6 leopard geckos
  47 orcs
  3 ball pythons
  4 giant cockroaches (D:1)
  14 goblins
  10 hobgoblins
  7 jackals
  6 quokkas
  10 bats
  6 frilled lizards
  A goblin zombie (D:8)
  6 kobolds
  7 rats
354 creatures vanquished.

Vanquished Creatures (others)
  3 fungi
  A plant (D:10)
4 creatures vanquished.

Grand Total: 358 creatures vanquished

Notes
Turn   | Place    | Note
-------+----------+-------------------------------------------
     0 | D:1      | Gagarin the Gargoyle Earth Elementalist began the quest for the Orb.
     0 | D:1      | Reached XP level 1. HP: 10/10 MP: 3/3
   143 | D:1      | Reached XP level 2. HP: 9/15 MP: 3/5
   157 | D:1      | Reached skill level 4 in Earth Magic
   555 | D:1      | Reached XP level 3. HP: 19/19 MP: 3/6
  1007 | D:2      | Noticed Sigmund
  1031 | D:3      | Reached XP level 4. HP: 17/24 MP: 3/8
  1038 | D:3      | Noticed tidbits's ghost (weakling DgNe)
  1038 | D:3      | Learned a level 3 spell: Stone Arrow
  1459 | D:2      | Reached skill level 5 in Earth Magic
  2115 | D:4      | Found a shattered altar of Ashenzari.
  2355 | D:4      | Reached XP level 5. HP: 28/28 MP: 0/10
  2377 | D:3      | Found a stormy altar of Qazlal.
  2729 | D:3      | Reached skill level 6 in Earth Magic
  3357 | D:3      | Killed tidbits's ghost
  3357 | D:3      | Reached XP level 6. HP: 32/32 MP: 3/12
  3606 | D:3      | Learned a level 5 spell: Lee's Rapid Deconstruction
  3777 | D:4      | Found a shadowy altar of Dithmenos.
  3885 | D:4      | Found a blossoming altar of Fedhas.
  4303 | D:4      | Found Mel Load's Distillery.
  4306 | D:4      | Bought a potion of heal wounds for 55 gold pieces
  4306 | D:4      | Bought a potion of curing for 33 gold pieces
  4362 | D:4      | Noticed Robin
  4377 | D:4      | Killed Robin
  4569 | D:4      | Reached skill level 7 in Earth Magic
  4569 | D:4      | Reached XP level 7. HP: 36/36 MP: 5/14
  4738 | D:5      | Entered Level 5 of the Dungeon
  4792 | D:5      | Found an ornate altar of the Wu Jian Council.
  4798 | D:5      | Reached skill level 5 in Spellcasting
  5001 | D:5      | Found Byuq's Distillery.
  5017 | D:5      | Noticed Eustachio
  5020 | D:5      | Reached skill level 8 in Earth Magic
  5032 | D:5      | Killed Eustachio
  5032 | D:5      | Reached XP level 8. HP: 41/41 MP: 1/17
  5497 | D:5      | Noticed Pikel
  5548 | D:5      | Reached skill level 9 in Earth Magic
  5549 | D:5      | Killed Pikel
  5549 | D:5      | Reached skill level 10 in Earth Magic
  5910 | D:2      | Found a bloodstained altar of Trog.
  5952 | D:2      | Killed Sigmund
  5952 | D:2      | Reached XP level 9. HP: 34/45 MP: 4/20
  6216 | D:5      | Found an opulent altar of Gozag.
  6317 | D:6      | Found a stormy altar of Qazlal.
  6892 | D:7      | Noticed Joseph
  6946 | D:7      | Killed Joseph
  6946 | D:7      | Reached skill level 1 in Fighting
  6946 | D:7      | Reached skill level 1 in Maces & Flails
  6946 | D:7      | Reached skill level 1 in Conjurations
  6946 | D:7      | Reached skill level 1 in Evocations
  7095 | D:7      | Found a staircase to the Ecumenical Temple.
  7105 | Temple   | Entered the Ecumenical Temple
  7111 | Temple   | Became a worshipper of Sif Muna the Loreminder
  7361 | D:7      | Reached skill level 11 in Earth Magic
  7476 | D:7      | Reached XP level 10. HP: 54/54 MP: 14/22
  7668 | D:7      | Noticed sergedm's ghost (novice DECj)
  7687 | D:8      | Found a radiant altar of Vehumet.
  7849 | D:7      | Killed sergedm's ghost
  8527 | D:8      | Reached * piety under Sif Muna
  8563 | D:8      | Found a snail-covered altar of Cheibriados.
  9560 | D:8      | Noticed an orange crystal statue
 10312 | D:9      | Found a staircase to the Orcish Mines.
 10318 | D:9      | Reached skill level 1 in Armour
 10370 | D:9      | Reached XP level 11. HP: 60/62 MP: 3/24
 10440 | D:9      | Found a shimmering altar of Xom.
 10440 | D:9      | Found a shimmering altar of Xom.
 10440 | D:9      | Found a shimmering altar of Xom.
 10441 | D:9      | Found a shimmering altar of Xom.
 10442 | D:9      | Found a shimmering altar of Xom.
 10527 | D:9      | Noticed a cyclops
 10541 | D:9      | Killed a cyclops
 10541 | D:9      | Reached ** piety under Sif Muna
 10541 | D:9      | Reached skill level 5 in Fighting
 10541 | D:9      | Reached skill level 5 in Conjurations
 10765 | D:9      | Noticed a centaur warrior
 10769 | D:9      | Killed a centaur warrior
 10782 | D:9      | Noticed a cyclops
 10782 | D:9      | Reached skill level 12 in Earth Magic
 10952 | D:9      | Killed a cyclops
 11025 | D:9      | Found a runed door.
 11025 | D:9      | Noticed a centaur warrior
 11043 | D:9      | Noticed a brown ugly thing
 11142 | D:8      | Killed a brown ugly thing
 11267 | D:9      | Killed a centaur warrior
 11345 | D:9      | Noticed a tengu warrior
 11364 | D:9      | Killed a tengu warrior
 11758 | D:9      | Reached skill level 1 in Staves
 11837 | D:9      | Noticed a cyclops
 11849 | D:10     | Entered Level 10 of the Dungeon
 11866 | D:10     | Reached skill level 5 in Evocations
 12126 | D:10     | Found a staircase to the Lair.
 12222 | D:10     | Reached *** piety under Sif Muna
 12983 | D:10     | Reached skill level 1 in Invocations
 13268 | Lair:1   | Entered Level 1 of the Lair of Beasts
 13424 | Lair:1   | Reached XP level 12. HP: 65/70 MP: 25/25
 13708 | Lair:1   | Reached skill level 5 in Staves
 13757 | Lair:1   | Reached skill level 10 in Spellcasting
 13892 | Lair:1   | Reached **** piety under Sif Muna
 14320 | Lair:2   | Noticed Gastronok
 14336 | Lair:2   | Reached skill level 13 in Earth Magic
 14466 | Lair:2   | Killed Gastronok
 14483 | Lair:2   | Slain by a spiny frog

Vault maps used:
D:1:      minmay_arrival_three_doors
D:2:      lightli_temple_of_fire, first_bread, uniq_sigmund
D:3:      overflow_temple_1_default
D:4:      ashenzari_conservatory_becter, lemuel_round_altar, serial_shops,
          kennysheep_mini, fedhas_bush_and_centaur_altar, uniq_robin
D:5:      nicolae_overflow_hidden_temple, old_standard_altar, serial_shops,
          shop_statue, hangedman_decor_points, uniq_pikel, uniq_eustachio
D:6:      nicolae_qazlal_style_of_elements
D:7:      hangedman_cross_stitches, minmay_temple_entry_statues_fountains,
          uniq_joseph
D:8:      minmay_statue_hallways, vehumet_altar_wand_db, slow_altar_1,
          enter_ossuary_3, grunt_ogre_cave, nicolae_straight_to_the_point
D:9:      minmay_the_grid_triangle_9x9_rhombus_thin_mashed, xom_shifter_show,
          david_orc_2
D:10:     minmay_lair_entry_grove
Temple:   dshaligram_water_room_temple
Lair:1:   lemuel_reptile_caves, serial_bayou_shore_a
Lair:2:   nicolae_spider_entry_orb_guardian, lemuel_oklob_altar, uniq_gastronok,
          uniq_urug

Skill      XL: |  1  2  3  4  5  6  7  8  9 10 11 12 |
---------------+-------------------------------------+-----
Earth Magic    | 4 5 6 7 8 10 11 12 13 | 13.1
Spellcasting   | 3 4 6 7 8 9 10 | 10.3
Fighting       | 2 4 6 |  6.0
Maces & Flails | 2 |  2.0
Dodging        | 2 3 |  3.0
Conjurations   | 2 4 6 8 |  8.0
Evocations     | 2 4 5 |  5.2
Armour         | 1 4 |  4.0
Staves         | 3 6 |  6.7
Invocations    | 1 4 |  4.1
Stealth        | |  2.2
Transmutations | |  0.7

Action                   |  1- 3 |  4- 6 |  7- 9 | 10-12 || total
-------------------------+-------+-------+-------+-------++-------
Melee: Club              |    23 |       |       |       ||    23
       Whip              |    23 |    28 |       |       ||    51
       Mace              |       |    61 |    50 |    41 ||   152
       Staff             |       |       |       |   251 ||   251
 Cast: Sandblast         |    31 |    98 |    75 |    76 ||   280
       Stone Arrow       |       |     9 |    25 |   118 ||   152
       Lee's Rapid Decon |       |     6 |    16 |    69 ||    91
Evoke: Wand              |       |       |     4 |     6 ||    10
  Use: Scroll            |       |       |     1 |    12 ||    13
       Potion            |       |       |     1 |     1 ||     2
 Stab: Sleeping          |       |       |     2 |     1 ||     3
       Distracted        |       |       |       |     2 ||     2
  Eat: Chunk             |     1 |     9 |    10 |    25 ||    45
       Meat ration       |       |     1 |     1 |     2 ||     4
Armor: Robe              |    24 |    67 |    52 |    40 ||   183
       Skin              |       |       |       |     4 ||     4
       Troll leather arm |       |       |       |   232 ||   232
Dodge: Dodged            |    47 |   115 |    91 |   307 ||   560

Table legend:
 A = Spawn XP
 B = Non-spawn XP
 C = Spawn XP percentage of total XP
 D = Spawn monster count
 E = Non-spawn monster count
 F = Spawn count percentage of total count
 G = Total turns spent on level
                    A         B        C        D         E        F      G
               +---------+---------+-------+---------+---------+-------+---------
         Total |       0 |   27864 |   0.0 |       0 |     353 |   0.0 | 14483
               +---------+---------+-------+---------+---------+-------+---------
           D:1 |       0 |      44 |   0.0 |       0 |      18 |   0.0 |   912
           D:2 |       0 |     296 |   0.0 |       0 |      26 |   0.0 |  1877
           D:3 |       0 |     151 |   0.0 |       0 |      35 |   0.0 |   874
           D:4 |       0 |     359 |   0.0 |       0 |      31 |   0.0 |  1432
           D:5 |       0 |    1689 |   0.0 |       0 |      24 |   0.0 |  1169
           D:6 |       0 |     432 |   0.0 |       0 |      11 |   0.0 |   622
           D:7 |       0 |    2789 |   0.0 |       0 |      42 |   0.0 |  1847
           D:8 |       0 |    2144 |   0.0 |       0 |      31 |   0.0 |  1361
           D:9 |       0 |    6793 |   0.0 |       0 |      42 |   0.0 |  1742
          D:10 |       0 |    2635 |   0.0 |       0 |      33 |   0.0 |  1419
        Lair:1 |       0 |    7264 |   0.0 |       0 |      54 |   0.0 |  1038
        Lair:2 |       0 |    3268 |   0.0 |       0 |       6 |   0.0 |   177
               +---------+---------+-------+---------+---------+-------+---------
